[Event "*** Titled Tuesday Blitz"]
[Site "Chess.com"]
[Date "2020.10.27"]
[Round "5"]
[White "Jungle_Jaguar"]
[Black "dopolian"]
[Result "1-0"]
[WhiteElo "2634"]
[BlackElo "2428"]
[TimeControl "180+1"]
[EndTime "10:56:01 PDT"]
[Termination "Jungle_Jaguar won on time"]

1. e4 e5 2. Nf3 Nc6 3. Bb5 a6 4. Ba4 Nf6 5. O-O Nxe4 6. d4 b5 7. Bb3 d5 8. dxe5 Be6 9. c3 Bc5 10. Bc2 O-O 11. Nbd2 f5 12. exf6 Nxf6 13. Nb3 Bb6 14. Bg5 h6 15. Bh4 Qd7 16. Qd3 Ne4 17.
Rad1 Rae8 18. Rfe1 Qf7 19. h3 g5 20. Rxe4 dxe4 21. Qxe4 Bxb3 22. Qxc6 Bxc2 23. Rd7 Qe6 24. Qxe6+ Rxe6 25. Bg3 Be4 26. Nd4 Bxd4 27. Rxd4 Bc6 28. Bxc7 1-0

[Event "*** Titled Tuesday Blitz"]
[Site "Chess.com"]
[Date "2020.10.27"]
[Round "5"]
[White "MarceloPlaya"]
[Black "jacky72"]
[Result "0-1"]
[WhiteElo "2283"]
[BlackElo "2522"]
[TimeControl "180+1"]
[EndTime "10:56:01 PDT"]
[Termination "jacky72 won on time"]

1. e4 g6 2. d4 Bg7 3. Nc3 a6 4. Be3 b5 5. Qd2 d6 6. O-O-O Bb7 7.
f3 Nd7 8. Kb1 c5 9. h4 h5 10.
Nce2 Ngf6 11. Nc1 c4 12. d5 Qc7 13. Bd4 a5 14. g4 hxg4 15. h5 Rxh5 16. Rxh5 gxh5 17. fxg4 hxg4 18. Qg5 Bf8 19. Be2 Nxe4 20. Qxg4 Bxd5 21. Bf3 Nef6 22. Bxf6 Nxf6 23. Qh3 Bxf3 24. Nxf3 Qd7 25. Qh4 O-O-O 26. Qe1 Qb7 27. Nd4 e6 28.
Qxa5 Nd5 29. Nxb5 Bg7 30. Ne2 Kd7 31. Nec3 Nxc3+ 32. bxc3 Rb8 33. Rxd6+ Ke7 34. a4 Qh1+ 35. Ka2 Qb7 36. Qb4 Kf6 37. Qxc4 Kg6 38. Qg4+ Kh7 39. Rd3 f5 40. Rh3+ Kg8 41. Qc4 Qa6 42. Re3 Rb6 43. Qc5 Qxa4+ 44. Na3 Ra6 45. Qc8+ Kf7 46. Qc7+ Kf6 0-1

[Event "*** Titled Tuesday Blitz"]
[Site "Chess.com"]
[Date "2020.10.27"]
[Round "5"]
[White "tylityli"]
[Black "Chessmatus"]
[Result "0-1"]
[WhiteElo "2239"]
[BlackElo "2412"]
[TimeControl "180+1"]
[EndTime "10:56:01 PDT"]
[Termination "Chessmatus won on time"]

1. d4 Nf6 2. c4 g6 3. Nc3 d5 4. cxd5 Nxd5 5. Bd2 Bg7 6. e4 Nxc3 7. Bxc3 O-O 8. Qd2 c5 9. d5 Bxc3 10. bxc3 e6 11.
Bc4 Qd6 12. Nf3 exd5 13. Bxd5 Rd8 14. Qh6 Qf6 15. e5 Qg7 16. Qxg7+ Kxg7 17. c4 Nc6 18. O-O Be6 19. Rad1 h6 20. h3 Kf8 21. a3 Ke7 22.
Rd3 Rd7 23. Rfd1 Rad8 24. Kf1 Na5 25. Ke2 Nxc4 26. Bxb7 Na5 27. Ba6 c4 28. Rxd7+ Rxd7 29. Rc1 Rc7 30. Nd4 g5 31. g4 Rc5 32. f4 gxf4 33.
Kf3 Rxe5 34. Kxf4 Rc5 35. Re1 c3 36. Rc1 Nb3 37. Nxb3 Bxb3 38. h4 c2 39. g5 hxg5+ 40.
hxg5 Kf8 41. Bd3 Rc3 42. Be4 a5 43. g6 fxg6 44. Bxg6 Ke7 45. Be4 Kd6 46. Bf5 Kc5 47. Bd7 Kd4 48. Bf5 Ba4 49. Be4 Rc4 0-1

[Event "*** Titled Tuesday Blitz"]
[Site "Chess.com"]
[Date "2020.10.27"]
[Round "5"]
[White "winniethepooh04"]
[Black "AsaHoffmann"]
[Result "1/2-1/2"]
[WhiteElo "2218"]
[BlackElo "2363"]
[TimeControl "180+1"]
[EndTime "10:56:02 PDT"]
[Termination "Game drawn by repetition"]

1. e4 d6 2. d4 Nf6 3. Nc3 c6 4. Nf3 Bg4 5. Be2 e6 6. O-O d5 7.
exd5 cxd5 8. a4 Nc6 9. h3 Bh5 10. Be3 Bd6 11. Nb5 Bb8 12. c4 a6 13. Nc3 Bxf3 14.
Bxf3 dxc4 15. d5 exd5 16. Nxd5 O-O 17. Bg5 Be5 18. Qc2 h6 19. Bxf6 Bxf6 20. Qxc4 Bxb2 21.
Rab1 Ne5 22. Qe4 Nxf3+ 23. Qxf3 Be5 24. Rxb7 Rb8 25. Ne7+ Kh8 26. Nc6 Qg5 27. Nxb8 Bxb8 28. Rxf7 Rxf7 29. Qxf7 Qe5 30. g3 a5 31. Rd1 Bd6 32. Qd7 Bc5 33. Qd8+ Kh7 34. Qd3+ Kh8 35. Qf3 Bd4 36. Rc1 Qe6 37. Rd1 Bf6 38. Qa8+ Kh7 39. Qf3 Kh8 40. Qd3 Be7 41. Qf3 Bf6 1/2-1/2

[Event "*** Titled Tuesday Blitz"]
[Site "Chess.com"]
[Date "2020.10.27"]
[Round "5"]
[White "S2PAc"]
[Black "MomchilPetkov"]
[Result "0-1"]
[WhiteElo "2800"]
[BlackElo "2647"]
[TimeControl "180+1"]
[EndTime "10:56:03 PDT"]
[Termination "MomchilPetkov won by resignation"]

1. d4 g6 2. g3 Bg7 3. Bg2 d6 4. e4 Nf6 5. Nc3 O-O 6. Nge2 a6 7. O-O c6 8. a4 a5 9. h3 Na6 10. Be3 Nb4 11. Qd2 Qc7 12. Rad1 Nd7 13. g4 e5 14. f4 exd4 15. Bxd4 Nc5 16. f5 Be5 17. Bxe5 dxe5 18. f6 Kh8 19. Ng3 Be6 20. b3 Rad8 21. Qh6 Rg8 22. Rxd8 Qxd8 23. Kh2 Nxc2 24. Nce2 Bxb3 25. Ng1 Nd4 26. h4 Qf8 27. Qe3 Nce6 28. Nh3 Bxa4 29. Ng5 Bb5 30. Rh1 Nf4 31. Rd1 c5 32. Nf3 Nxf3+ 33.
Bxf3 Qh6 34. h5 Qg5 35. Qf2 Qh4+ 36. Kg1 Nh3+ 37. Kg2 Nxf2 38. Kxf2 gxh5 39. Rh1 Qxh1 40. Nxh1 hxg4 41. Bg2 a4 42. Ng3 a3 0-1

[Event "*** Titled Tuesday Blitz"]
[Site "Chess.com"]
[Date "2020.10.27"]
[Round "5"]
[White "TheMagnet"]
[Black "KacperPolOK"]
[Result "0-1"]
[WhiteElo "2565"]
[BlackElo "2415"]
[TimeControl "180+1"]
[EndTime "10:56:04 PDT"]
[Termination "KacperPolOK won by resignation"]

1. d4 e6 2. c4 f5 3. g3 Nf6 4. Bg2 d5 5. Qc2 c6 6. Nh3 Bd6 7. O-O O-O 8. Bf4 Be7 9. Bxb8 Rxb8 10. Nf4 Bd7 11. Nd2 Ne4 12. Nf3 Bf6 13. Nd3 Qe7 14. Nfe5 Rfc8 15. f3 Nd6 16. c5 Nf7 17. b4 b6 18. Rac1 Bxe5 19. dxe5 b5 20. Qc3 g5 21.
Qd4 Ra8 22. e4 a5 23. a3 Qf8 24. Rce1 Re8 25. h4 Qg7 26. exf5 exf5 27. hxg5 Nxg5 28. Nf4 Be6 29. Kf2 axb4 30. axb4 Ra2+ 31. Re2 Rea8 32. Re1 Kf7 33. Nh5 Qh8 34. Nf6 h6 35. Qh4 Qg7 36.
Rxa2 Rxa2+ 37. Re2 Ra4 38. Rb2 Qg6 39. f4 Ne4+ 40.
Bxe4 fxe4 41. g4 e3+ 42. Kg3 e2 43. Rxe2 Ra3+ 44. Kf2 Qd3 45. Qh5+ Kg7 46. Ne8+ Kh7 47. Nf6+ Kg7 48. Ne8+ Kf8 49. Qxh6+ Ke7 50. f5 Qg3+ 51.
Kf1 Ra1+ 0-1

[Event "*** Titled Tuesday Blitz"]
[Site "Chess.com"]
[Date "2020.10.27"]
[Round "5"]
[White "Shota_Azaladze"]
[Black "SantoBlue"]
[Result "0-1"]
[WhiteElo "2643"]
[BlackElo "2839"]
[TimeControl "180+1"]
[EndTime "10:56:05 PDT"]
[Termination "SantoBlue won on time"]

1. Nf3 Nf6 2. g3 g6 3. Bg2 Bg7 4. O-O O-O 5. c4 d6 6. d4 c6 7. Nc3 Qb6 8. h3 Re8 9. e4 e5 10. d5 c5 11. Ne1 Qd8 12. Nd3 Nbd7 13. Bg5 h6 14. Be3 Nh5 15. Qd2 Kh7 16. Rae1 f5 17. exf5 gxf5 18. g4 Nhf6 19. f4 fxg4 20. fxe5 gxh3 21.
Rxf6 Nxf6 22. exf6 Qxf6 23. Bh1 Qg6+ 24. Kh2 Bf5 25. Nf4 Be5 26. Rg1 Qf6 27. Ne2 Rg8 28. Rf1 Rae8 29. Ng3 Bd7 30. Qf2 Qg7 31. Be4+ Kh8 32.
Rg1 Ref8 33. Qd2 Qf7 34. Ng6+ Rxg6 35. Bxg6 Qxg6 36. Bxh6 Rf3 37. Be3 Rxg3 0-1

[Event "*** Titled Tuesday Blitz"]
[Site "Chess.com"]
[Date "2020.10.27"]
[Round "5"]
[White "pedromartinez91"]
[Black "Sergey85Rodchenkov"]
[Result "1-0"]
[WhiteElo "2626"]
[BlackElo "2450"]
[TimeControl "180+1"]
[EndTime "10:56:05 PDT"]
[Termination "pedromartinez91 won by resignation"]

1. b3 c5 2. Bb2 d5 3. e3 Nf6 4. Nf3 g6 5. Be2 Bg7 6. O-O O-O 7. Na3 Nc6 8. Ne5 Nxe5 9. Bxe5 b6 10. c3 Bb7 11. Rc1 a5 12. Bb5 Ne4 13. Bxg7 Kxg7 14. d4 Rc8 15. Bd3 Nd6 16. Nb5 Bc6 17. Nxd6 Qxd6 18.
Qd2 e5 19. Rfd1 Rcd8 20. Bf1 Rfe8 21. h3 Qe7 22. Qb2 Kg8 23. a3 e4 24. c4 dxc4 25. Bxc4 cxd4 26. Rxd4 Rxd4 27. Qxd4 Qxa3 28. Bxf7+ Kxf7 29.
Rxc6 Re7 30. Rxb6 Qc1+ 31. Kh2 Qc7+ 32. Qd6 Qxd6+ 33. Rxd6 Rb7 34. Rd5 Rxb3 35. Rxa5 Kf6 36. h4 h5 37. Kg3 Rb2 38. Ra8 Kf5 39. Rf8+ Ke5 40. Re8+ Kf5 41. Ra8 Rc2 42. Ra5+ Kf6 43. Rd5 Rb2 44. f3 exf3 45. gxf3 Ra2 46. e4 Ra1 47. Kf4 Rh1 48. Rd6+ Kf7 49. Ke5 Rxh4 50. Rd7+ Ke8 51. Rg7 Rh3 52. f4 Rg3 53. f5 h4 54. f6 h3 55. Ke6 Kd8 56. f7 Rf3 57.
Rg8+ 1-0

[Event "*** Titled Tuesday Blitz"]
[Site "Chess.com"]
[Date "2020.10.27"]
[Round "5"]
[White "PawnEatingZombie"]
[Black "madmax011"]
[Result "1-0"]
[WhiteElo "2173"]
[BlackElo "1815"]
[TimeControl "180+1"]
[EndTime "10:56:05 PDT"]
[Termination "PawnEatingZombie won by checkmate"]

1. d4 Nf6 2. c4 g6 3. Nc3 d5 4.
cxd5 Nxd5 5. e4 Nxc3 6. bxc3 Bg7 7. Bg5 c5 8. Rc1 cxd4 9. cxd4 O-O 10. d5 f5 11. Bc4 Kh8 12. e5 Bxe5 13. Nf3 Bg7 14. h4 h6 15. h5 Qe8 16. hxg6 Qxg6 17. Qd2 h5 18. Bxe7 Re8 19. d6 Bf6 20. O-O Bxe7 21.
dxe7 Nc6 22. Ng5 Rxe7 23. Rfe1 Kg7 24. Rxe7+ Nxe7 25. Bf7 Qf6 26. f4 Ng6 27. Bxg6 Kxg6 28. Qd5 Rb8 29. Qg8+ Qg7 30. Qe8+ Kh6 31. Rxc8 Rxc8 32.
Qxc8 Qd4+ 33. Kh1 Qd1+ 34. Kh2 Qd6 35. Qxf5 Kg7 36. Qh7+ Kf6 37. Qf7# 1-0

[Event "*** Titled Tuesday Blitz"]
[Site "Chess.com"]
[Date "2020.10.27"]
[Round "5"]
[White "RD4ever"]
[Black "ChessAurochs"]
[Result "1-0"]
[WhiteElo "2795"]
[BlackElo "2540"]
[TimeControl "180+1"]
[EndTime "10:56:07 PDT"]
[Termination "RD4ever won by resignation"]

1. e4 e5 2. Nf3 Nc6 3. Nc3 Nf6 4. Bb5 Bb4 5. O-O Bxc3 6. bxc3 d6 7. d4 Bd7 8. Ba3 exd4 9. cxd4 Ne7 10. Bd3 O-O 11.
Rb1 b6 12. e5 dxe5 13. Nxe5 Re8 14. Qf3 Ned5 15. c4 Ne7 16. Rfe1 Ng6 17. Nxg6 hxg6 18. Be7 Qc8 19. Bxf6 gxf6 20. Qxf6 Qd8 21. Qf4 Rxe1+ 22. Rxe1 Kg7 23. d5 Qf6 24. Qxc7 Qc3 25. Qe5+ Qxe5 26.
Rxe5 Rc8 27. f4 Bf5 28. Bxf5 gxf5 29. d6 Rxc4 30. Rd5 Rc8 31. h4 Rd8 32. d7 Kf6 33. h5 Ke6 34. Rd3 Kf6 35. Kf2 Kg7 36.
Kg3 Kh6 37. Kh4 f6 38. Rd6 Kg7 39. g4 fxg4 40. Kxg4 Kf7 41. Kf5 Ke7 42. Rd1 Kf7 43. h6 Kg8 44. Kxf6 Kh7 45. Ke7 1-0

[Event "*** Titled Tuesday Blitz"]
[Site "Chess.com"]
[Date "2020.10.27"]
[Round "5"]
[White "Sankalp_Gupta2003"]
[Black "dropstoneDP"]
[Result "0-1"]
[WhiteElo "2705"]
[BlackElo "2961"]
[TimeControl "180+1"]
[EndTime "10:56:10 PDT"]
[Termination "dropstoneDP won by resignation"]

1. e4 c5 2. Nf3 e6 3. d4 cxd4 4. Nxd4 Be7 5. Bd3 Nc6 6. Nxc6 bxc6 7. c4 Nf6 8. O-O d5 9. Nc3 O-O 10. Bg5 d4 11. Na4 Nd7 12. Bxe7 Qxe7 13. f4 e5 14. f5 c5 15. Qd2 Bb7 16. b3 Bc6 17. Nb2 Qh4 18. Rae1 Nf6 19. Qe2 a5 20. g3 Qh3 21.
Bc2 Ng4 22. Nd3 Bxe4 23. f6 Ne3 24. fxg7 Kxg7 25. Rf2 f5 26. Bb1 Ng4 27. Rff1 Bxd3 28. Bxd3 e4 29. Bb1 d3 30. Qg2 Qxg2+ 31. Kxg2 a4 32. h3 Ne5 33. g4 Nf3 34. Re3 Nd2 35. Rd1 f4 36. Rxd3 exd3 37. Rxd2 axb3 38. axb3 Ra1 39.
Bxd3 Rd8 40. Kf3 Rd4 41. Ke2 Rh1 42. Rc2 Rh2+ 43. Ke1 Rh1+ 44. Ke2 f3+ 45. Ke3 f2 46. b4 Rxd3+ 0-1

[Event "*** Titled Tuesday Blitz"]
[Site "Chess.com"]
[Date "2020.10.27"]
[Round "5"]
[White "queen_iryna"]
[Black "teacher4chess"]
[Result "0-1"]
[WhiteElo "2288"]
[BlackElo "2071"]
[TimeControl "180+1"]
[EndTime "10:56:11 PDT"]
[Termination "teacher4chess won by checkmate"]

1. e4 Nf6 2. d3 d5 3. e5 Nfd7 4. Nf3 c5 5. Be2 e6 6. O-O Nc6 7. Bf4 Qb6 8. Nbd2 Qxb2 9. c4 Nd4 10. Nxd4 Qxd4 11. Bg3 dxc4 12. Nxc4 Be7 13. Bf3 O-O 14. Rb1 Nb6 15. Nxb6 axb6 16. Rxb6 Rxa2 17. Qb3 Ra7 18.
Bxb7 Bxb7 19. Rxb7 Rxb7 20. Qxb7 Bg5 21. Qc6 Qxd3 22.
Qxc5 Qf5 23. f4 Bh6 24. Be1 g5 25. fxg5 Qxg5 26. Kh1 Qe3 27. Qb5 Bf4 28. Bb4 Rd8 29. Qb7 Qe2 30. Re1 Rd1 31. Qa8+ Kg7 32. g3 Rxe1+ 33.
Bxe1 Qf1# 0-1

[Event "*** Titled Tuesday Blitz"]
[Site "Chess.com"]
[Date "2020.10.27"]
[Round "5"]
[White "SergeyKarjakin"]
[Black "Aleksey_Sorokin"]
[Result "1-0"]
[WhiteElo "3015"]
[BlackElo "2842"]
[TimeControl "180+1"]
[EndTime "10:56:12 PDT"]
[Termination "SergeyKarjakin won by resignation"]

1. d4 Nf6 2. Bg5 e6 3. Nd2 h6 4. Bh4 d5 5. e3 c5 6. c3 Nc6 7. Ngf3 cxd4 8. exd4 g5 9. Bg3 Nh5 10.
Be5 f6 11. Ng1 Ng7 12. Bg3 f5 13. f4 Bd6 14. Qf3 g4 15. Qf2 Bd7 16. Bh4 Be7 17. Bxe7 Qxe7 18. Ne2 O-O-O 19. Nc1 Ne8 20. Bb5 Ne5 21.
dxe5 Bxb5 22. Qxa7 d4 23. cxd4 Qh4+ 24. g3 Qh3 25.
Ncb3 Qg2 26. O-O-O Nc7 27. Na5 Ba6 28. Kb1 Qd5 29.
Ndb3 Nb5 30. Qb6 Kb8 31. Nc5 Nc7 32. Rc1 Rc8 33. Rhd1 Ka8 34. Rc3 h5 35. Ra3 Nb5 36.
Ra4 h4 37. Naxb7 1-0

[Event "*** Titled Tuesday Blitz"]
[Site "Chess.com"]
[Date "2020.10.27"]
[Round "5"]
[White "lelajavakhishvili"]
[Black "German_Bazeev"]
[Result "1/2-1/2"]
[WhiteElo "2535"]
[BlackElo "2764"]
[TimeControl "180+1"]
[EndTime "10:56:12 PDT"]
[Termination "Game drawn by repetition"]

1. d4 Nf6 2. c4 b6 3. Nc3 Bb7 4. Qc2 d5 5. cxd5 Nxd5 6. e4 Nxc3 7. bxc3 e5 8. Nf3 Nd7 9. Bb5 a6 10. Bd3 Bd6 11. O-O O-O 12. Rd1 Qe7 13. Bg5 Qe6 14. a4 c5 15. d5 Qg6 16. Be3 h6 17. Rab1 Bc8 18. Nh4 Qf6 19. Nf5 Rd8 20. Rf1 Bf8 21. c4 a5 22. g3 Qg6 23. f4 f6 24. Kh1 Re8 25. Rf2 Ra7 26. Bf1 Qh5 27. h4 Qf7 28.
Bh3 g6 29. fxe5 Nxe5 30. Rxb6 gxf5 31. Bxf5 Bxf5 32. Rxf5 Ng4 33. Qe2 Rxe4 34. Qf3 Rxe3 35. Qxg4+ Qg7 36. Qxg7+ Rxg7 37. Rbxf6 Be7 38. Rxh6 Rexg3 39. d6 Bd8 40. Re6 Rg1+ 41. Kh2 R1g2+ 42. Kh1 R2g3 43.
Kh2 Rg2+ 44. Kh1 Rg1+ 45. Kh2 R7g2+ 46. Kh3 Rg3+ 47. Kh2 R1g2+ 48. Kh1 Rg1+ 49. Kh2 R1g2+ 50. Kh1 Rg1+ 51. Kh2 1/2-1/2

[Event "*** Titled Tuesday Blitz"]
[Site "Chess.com"]
[Date "2020.10.27"]
[Round "5"]
[White "ChronicUnhappiness"]
[Black "Iskusnyh"]
[Result "0-1"]
[WhiteElo "2375"]
[BlackElo "2561"]
[TimeControl "180+1"]
[EndTime "10:56:12 PDT"]
[Termination "Iskusnyh won by resignation"]

1. c4 c5 2. Nf3 g6 3. Nc3 Bg7 4.
e3 Nf6 5. d4 cxd4 6. Nxd4 O-O 7.
Be2 Nc6 8. O-O d5 9. cxd5 Nxd5 10. Nxc6 bxc6 11. Bd2 Rb8 12. Nxd5 cxd5 13. Bc3 Bxc3 14. bxc3 Qa5 15. c4 Rd8 16. cxd5 Rxd5 17. Qc1 Be6 18. Rd1 Rxd1+ 19. Qxd1 Rb2 20. a4 Bb3 21. Qf1 Qb4 22. a5 Qd2 23. Bf3 h5 24. h3 Kg7 25. Qe1 Qxe1+ 26.
Rxe1 Ra2 27. Rb1 Be6 28. Rb7 Rxa5 29. Rxe7 Ra1+ 30. Kh2 a5 31. g4 h4 32. Bc6 a4 33.
e4 a3 34. Bd5 Bxd5 35. exd5 Rf1 36. Ra7 Rxf2+ 37. Kg1 Rf3 38. Kg2 Rg3+ 39. Kh2 Kf6 40.
d6 Ke6 41. d7 Ke7 42. Rb7 Rd3 43. Ra7 Rd2+ 44. Kg1 a2 45. d8=Q+ Kxd8 46. Ra8+ Ke7 0-1

[Event "*** Titled Tuesday Blitz"]
[Site "Chess.com"]
[Date "2020.10.27"]
[Round "5"]
[White "FMJoseHerrera"]
[Black "zmeeed67"]
[Result "1-0"]
[WhiteElo "2556"]
[BlackElo "2357"]
[TimeControl "180+1"]
[EndTime "10:56:13 PDT"]
[Termination "FMJoseHerrera won by resignation"]

1. Nf3 Nc6 2. g3 e5 3. Bg2 Nf6 4. O-O d5 5. c4 d4 6. b4 e4 7. Ng5 Bf5 8. d3 exd3 9. exd3 Bxb4 10. Qa4 Be7 11. Ba3 O-O 12. Re1 Bxa3 13. Qxa3 h6 14. Ne4 Nxe4 15. dxe4 Be6 16. Nd2 Re8 17.
Rab1 Qc8 18. f4 f6 19. Qc5 Bf7 20. e5 fxe5 21. fxe5 Rb8 22. Bxc6 bxc6 23. Rxb8 Qxb8 24. Qxc6 Qb6 25. Qxb6 cxb6 26. Kf2 Rc8 27. e6 Bg6 28. Kf3 Kf8 29. Kf4 Ke7 30. Ke5 d3 31. h4 Rc5+ 32.
Kd4 Ra5 33. Ra1 Kxe6 34. g4 Kd6 35. h5 Bh7 36. a4 a6 37. Rb1 Kc6 38. Rf1 Rxa4 39.
Rf7 b5 40. Rxg7 Be4 41. Kxe4 bxc4 42. Kd4 Kb5 43. Rb7+ Kc6 44. Rh7 Kb5 45. Rxh6 Kb4 46. Rb6+ Ka3 47. Nxc4+ Ka2 48. Kxd3 1-0

[Event "*** Titled Tuesday Blitz"]
[Site "Chess.com"]
[Date "2020.10.27"]
[Round "5"]
[White "gagtemp"]
[Black "Ural_bogatyr"]
[Result "0-1"]
[WhiteElo "1970"]
[BlackElo "2360"]
[TimeControl "180+1"]
[EndTime "10:56:14 PDT"]
[Termination "Ural_bogatyr won on time"]

1. e4 e5 2. Nf3 Nc6 3. Bc4 Nf6 4. d3 h6 5. O-O d6 6. a4 g5 7. c3 Bg7 8. d4 Bg4 9. dxe5 Bxf3 10. Qxf3 Nxe5 11.
Qe2 Nxc4 12. Qxc4 O-O 13. Be3 Re8 14. Nd2 Nxe4 15. Nxe4 d5 16. Qb3 dxe4 17. Qxb7 Qb8 18. Qd5 Qxb2 19. Bd4 Rad8 20. Qc5 Bxd4 21. cxd4 Qxd4 22.
Qxc7 Rc8 23. Qa5 Rc2 24. Rad1 Qf6 25. Qxa7 Qc6 26. Rd7 Ra8 27. Qd4 Rc4 28. Qd6 Qxd6 29. Rxd6 Raxa4 30. Rxh6 Rc2 31. Rh3 Kg7 32. Re3 f5 33. g3 f4 34. gxf4 gxf4 35. Ree1 Kf6 36. Kg2 Kf5 37. h3 Raa2 38. Kg1 e3 39. Rb1 Rxf2 40.
Rb5+ Ke4 41. Rb4+ Kf3 0-1

[Event "*** Titled Tuesday Blitz"]
[Site "Chess.com"]
[Date "2020.10.27"]
[Round "5"]
[White "Arfan48"]
[Black "sokidze"]
[Result "1-0"]
[WhiteElo "2443"]
[BlackElo "2608"]
[TimeControl "180+1"]
[EndTime "10:56:15 PDT"]
[Termination "Arfan48 won on time"]

1. Nf3 c5 2. e4 Nc6 3. d4 cxd4 4. Nxd4 g6 5. c4 Nf6 6. Nc3 d6 7. Be2 Nxd4 8. Qxd4 Bg7 9. Be3 O-O 10. Qd2 a5 11.
O-O a4 12. Rac1 Qa5 13. f4 Be6 14. Bd4 Nxe4 15. Qe3 Bxd4 16. Qxd4 Nxc3 17. Rxc3 Rac8 18.
Bf3 b5 19. cxb5 Qxb5 20. Re3 Qc5 21. Qd2 Qc2 22. Qd4 Rc4 23. Qa7 Rxf4 24. Qxe7 Qc5 25. Re1 Rc4 26. h3 Rc1 27. Kh2 Rxe1 28. Rxe1 Rc8 29.
Re2 Qc7 30. Qf6 d5+ 31. g3 Qd7 32. Bg2 d4 33. Rd2 Rd8 34. h4 h5 35. Be4 Bd5 36.
Rxd4 Rc8 37. Bxd5 Rc2+ 38. Bg2 Qe8 39. Rd8 1-0

[Event "*** Titled Tuesday Blitz"]
[Site "Chess.com"]
[Date "2020.10.27"]
[Round "5"]
[White "InitiatingASC"]
[Black "TengisChess"]
[Result "0-1"]
[WhiteElo "2410"]
[BlackElo "2602"]
[TimeControl "180+1"]
[EndTime "10:56:15 PDT"]
[Termination "TengisChess won by resignation"]

1. Nf3 Nf6 2. b3 b5 3. Bb2 Bb7 4.
e3 a6 5. c4 bxc4 6. Bxc4 e6 7.
O-O Be7 8. Be2 O-O 9. d3 d5 10. Nbd2 c5 11. Rc1 Nbd7 12. Qc2 Bd6 13. Qb1 h6 14.
Rfe1 a5 15. Nf1 a4 16. Bd1 Bc6 17. Ng3 axb3 18. Bxb3 Qb6 19. e4 d4 20. Nd2 Bf4 21. Nc4 Qa6 22. Rc2 Rfb8 23. Bc1 Bc7 24. f4 Ba4 25. Rb2 Bb5 26. Rf1 Nb6 27. f5 Nxc4 28.
Bxc4 Bxc4 29. dxc4 Qxc4 30. fxe6 Qxe6 31. Rxb8+ Rxb8 32. Qc2 c4 33. Bb2 d3 34. Qc3 Bxg3 35. hxg3 Qxe4 36.
Rxf6 Rxb2 37. Qxb2 gxf6 38. Qxf6 Qe3+ 39. Kh2 d2 40.
Qd8+ Kg7 41. Qd7 c3 42. Qg4+ Qg5 43. Qd4+ Qf6 44. Qg4+ Qg6 45. Qd4+ Kh7 46. Qa4 Qh5+ 0-1

[Event "*** Titled Tuesday Blitz"]
[Site "Chess.com"]
[Date "2020.10.27"]
[Round "5"]
[White "scarabee43"]
[Black "andrzej"]
[Result "1-0"]
[WhiteElo "2539"]
[BlackElo "2308"]
[TimeControl "180+1"]
[EndTime "10:56:15 PDT"]
[Termination "scarabee43 won on time"]

1. Nf3 Nf6 2. c4 g6 3. Nc3 Bg7 4. e4 d6 5. d4 O-O 6. Be2 e5 7. d5 a5 8. Bg5 h6 9. Bh4 Qe8 10.
O-O Na6 11. Nd2 Nc5 12. b3 Bd7 13. a3 Nh7 14. f3 h5 15. b4 axb4 16. axb4 Rxa1 17.
Qxa1 Na6 18. Rb1 Bh6 19. Nf1 f5 20. c5 Nb8 21. Qa7 g5 22. Bf2 g4 23. fxg4 fxe4 24.
Nxe4 Qg6 25. Bd3 Ng5 26. cxd6 cxd6 27. gxh5 Nh3+ 28. Kh1 Qxh5 29. Nfg3 Nxf2+ 30. Nxf2 Qg5 31. Nfe4 Qh4 32. Nxd6 e4 33. Ndxe4 Bg4 34. Qd4 Nd7 35. Nc5 Bg7 36. Qe4 Nf6 37. Qg6 Bh5 38. Nxh5 1-0

[Event "*** Titled Tuesday Blitz"]
[Site "Chess.com"]
[Date "2020.10.27"]
[Round "5"]
[White "Nikolaj_6"]
[Black "MikeSailer"]
[Result "1-0"]
[WhiteElo "2549"]
[BlackElo "2130"]
[TimeControl "180+1"]
[EndTime "10:56:16 PDT"]
[Termination "Nikolaj_6 won on time"]

1. e4 d5 2. exd5 Qxd5 3. Nc3 Qd6 4. d4 Nf6 5. Nf3 c6 6. g3 Bf5 7. Bg2 e6 8. Bf4 Qd8 9. Qe2 h6 10. O-O-O Nbd7 11. Rhe1 Qa5 12. Kb1 Bb4 13. Bd2 O-O-O 14. a3 Bxc3 15. Bxc3 Qc7 16. Bd2 Nb6 17. Bf4 Qe7 18.
Qe5 Kd7 19. Nh4 Bh7 20. Qa5 Ra8 21. Bh3 g5 22. d5 Nfxd5 23. Be5 gxh4 24. Bxh8 Rxh8 25.
Qxa7 Kc7 26. Qa5 Ra8 27. Qd2 Ra4 28. Qxh6 Bg6 29. Bxe6 fxe6 30. Qxg6 Rc4 31. Rxe6 Qc5 32. Re8 Nd7 33. Rde1 Rxc2 34. Qxc2 Qxc2+ 35. Kxc2 hxg3 36. hxg3 Kd6 37. Rd8 Kc7 38. Rxd7+ Kxd7 39. Rd1 Ke6 40. Rxd5 Kxd5 41. Kd3 1-0

[Event "*** Titled Tuesday Blitz"]
[Site "Chess.com"]
[Date "2020.10.27"]
[Round "5"]
[White "AnishOnYoutube"]
[Black "GukeshDommaraju"]
[Result "1-0"]
[WhiteElo "2984"]
[BlackElo "2826"]
[TimeControl "180+1"]
[EndTime "10:56:17 PDT"]
[Termination "AnishOnYoutube won on time"]

1. e4 c6 2. d4 d5 3. e5 Bf5 4. Nf3 e6 5. Be2 c5 6. Be3 cxd4 7. Nxd4 Ne7 8. O-O Nbc6 9. Bb5 a6 10. Bxc6+ bxc6 11. c4 Qd7 12. Nc3 dxc4 13. Na4 Nd5 14. Nxf5 exf5 15. Rc1 c3 16. Nxc3 Nxe3 17. fxe3 Bc5 18.
Qxd7+ Kxd7 19. Nd1 Ba7 20. Rxf5 Ke6 21. Rg5 g6 22.
Rxc6+ Kd7 23. Rd6+ Ke7 24. Kf1 Rhd8 25. Rxd8 Rxd8 26. Ke2 Rb8 27. Rg4 Rb5 28. Rc4 Bb6 29. Rc6 Kd7 30. Rd6+ Ke7 31. b3 Bc7 32. Rxa6 Bxe5 33.
h3 Rc5 34. Kd2 Rd5+ 35. Ke2 Rc5 36. Nf2 Rc2+ 37. Kf3 Kf8 38. a4 Rb2 39. Rb6 1-0

[Event "*** Titled Tuesday Blitz"]
[Site "Chess.com"]
[Date "2020.10.27"]
[Round "5"]
[White "LuisFSiles"]
[Black "FontVella8"]
[Result "0-1"]
[WhiteElo "2290"]
[BlackElo "2482"]
[TimeControl "180+1"]
[EndTime "10:56:17 PDT"]
[Termination "FontVella8 won by checkmate"]

1. e4 c6 2. d4 d5 3. exd5 cxd5 4.
c4 Nf6 5. Nc3 e6 6. Nf3 Be7 7.
cxd5 Nxd5 8. Bd3 O-O 9. O-O Nc6 10. Re1 g6 11. Bh6 Re8 12. Bc4 Nb6 13. Bb3 Bf6 14.
Ne4 Bh8 15. Bg5 f6 16. Bh6 Nb4 17. h4 N4d5 18. h5 Qe7 19. Qd3 Bg7 20. Bd2 Bd7 21.
Nc5 gxh5 22. Re4 Qf7 23. Rae1 a6 24. a4 Nc7 25. a5 Nbd5 26. Nxb7 Bf8 27. Qe2 Bb5 28. Bc4 Bc6 29. Nc5 Bxc5 30. dxc5 Rab8 31. b3 Bb5 32. Rh4 Bxc4 33. Qxc4 e5 34. Qe4 Qg6 35.
Qe2 Rxb3 36. Qc4 Reb8 37. Nxe5 fxe5 38. Rxe5 R8b4 39. Qe2 Qb1+ 40. Kh2 Rxh4# 0-1

[Event "*** Titled Tuesday Blitz"]
[Site "Chess.com"]
[Date "2020.10.27"]
[Round "5"]
[White "enriquetejedor"]
[Black "KaterynaLagno"]
[Result "1-0"]
[WhiteElo "2481"]
[BlackElo "2673"]
[TimeControl "180+1"]
[EndTime "10:56:18 PDT"]
[Termination "enriquetejedor won by checkmate"]

1. e4 e5 2. Nf3 Nc6 3. Bc4 Nf6 4. d3 Be7 5. O-O O-O 6. Nc3 d6 7. a3 Kh8 8. Kh1 Ng8 9. d4 Bg4 10. dxe5 dxe5 11. Be3 Nd4 12. Bxd4 Bxf3 13. Qxf3 exd4 14. Nd5 Bd6 15. Rad1 c6 16. Nf4 Qf6 17. Ne2 Qh6 18. g3 c5 19. c3 dxc3 20. Nxc3 Be5 21. Rd5 Bd4 22. Ne2 Nf6 23. Nxd4 Nxd5 24. Nf5 Qf6 25.
Bxd5 g6 26. Nh4 Qxb2 27. Kg2 Rad8 28. Qe3 b6 29. Rd1 c4 30. a4 c3 31. Rc1 c2 32. Nf3 Rfe8 33. Bxf7 Rd1 34. Rxc2 Qxc2 35. Bxe8 Qc4 36. Bb5 Qc7 37. e5 Qe7 38. Qe2 Rd8 39. h4 h6 40. Qe3 Kh7 41. Bd3 Kg7 42. h5 g5 43. Qe4 Kh8 44. Qg6 Qg7 45. Qe4 Qd7 46.
Bc2 Qd5 47. Qh7# 1-0

[Event "*** Titled Tuesday Blitz"]
[Site "Chess.com"]
[Date "2020.10.27"]
[Round "5"]
[White "midedu"]
[Black "szefru"]
[Result "0-1"]
[WhiteElo "2013"]
[BlackElo "2266"]
[TimeControl "180+1"]
[EndTime "10:56:18 PDT"]
[Termination "szefru won on time"]

1. e4 Nf6 2. e5 Nd5 3. d4 d6 4. Nf3 g6 5. c4 Nb6 6. exd6 cxd6 7.
Be2 Bg7 8. Nc3 O-O 9. O-O Nc6 10. h3 e5 11. d5 Ne7 12. a4 f5 13. a5 Nd7 14. b4 h6 15. Re1 g5 16. Ra3 Ng6 17. Bf1 e4 18. Nd4 Nde5 19. c5 Nf4 20. Bxf4 gxf4 21.
Ndb5 Nf7 22. Qh5 a6 23. Nxd6 Nxd6 24. cxd6 Qxd6 25. Rb3 Bd7 26. Reb1 Rac8 27. Nd1 Be8 28. Qh4 Qxd5 29. Qxf4 Ba4 30. Ne3 Qf7 31. Ra3 Bc6 32. b5 axb5 33. Bxb5 Bxb5 34. Rxb5 Rc1+ 35. Kh2 Qe7 36.
Rab3 Qg5 37. Qxg5 hxg5 38. Nxf5 Bf6 39. Rxb7 Be5+ 40. Ng3 Rxf2 0-1